 Dungeon Crawl Stone Soup version 0.30-a0-4-ga7cffc901d (webtiles) character file.

Game seed: 3618841581958886139

23 ytrimaz the Insei (level 2, -5/21 HPs)
             Began as a Demonspawn Transmuter on Aug 22, 2022.
             Slain by a gnoll
             ... wielding a +0 spear
              (6 damage)
             ... on level 1 of the Dungeon.
             The game lasted 00:01:21 (771 turns).

ytrimaz the Insei (Demonspawn Transmuter)            Turns: 771, Time: 00:01:21

Health: -5/21      AC:  2    Str: 10    XL:     2   Next: 75%
Magic:  4/5        EV: 12    Int: 14    God:
Gold:   58         SH:  0    Dex: 13    Spells: 2/5 levels left

rFire   . . .      SeeInvis .      - Unarmed
rCold   . . .      Faith    .    (no shield)
rNeg    . . .      Spirit   .    a - +0 robe
rPois   .          Reflect  .    (no helmet)
rElec   .          Harm     .    (no cloak)
rCorr   .          Rampage  .    (no gloves)
Will    .....                    (no boots)
Stlth   +.........               (no amulet)
HPRegen 0.07/turn                (no ring)
MPRegen 0.09/turn                (no ring)

@: very slightly contaminated
A: ignite blood 1
a: no special abilities


You were on level 1 of the Dungeon.
You visited 1 branch of the dungeon, and saw 1 of its levels.

You collected 58 gold pieces.

Inventory:

Armour
 a - a +0 robe (worn)
Potions
 b - a potion of lignification
 d - a potion of resistance {unknown}


   Skills:
 - Level 1.0 Fighting
 - Level 1.7 Dodging
 + Level 3.5 Unarmed Combat
 - Level 2.0 Spellcasting
 + Level 2.1 Transmutations


You had 2 spell levels left.
You knew the following spells:

 Your Spells              Type           Power      Damage    Failure   Level
a - Beastly Appendage     Tmut           14%        N/A       10%         1
b - Wereblood             Tmut           7%         N/A       16%         2

Your spell library contained the following spells:

 Spells                   Type           Power      Damage    Failure   Level
 Spider Form              Tmut/Pois      4%         N/A       43%         3
 Ice Form                 Ice/Tmut       4%         N/A       83%         4


Dungeon Overview and Level Annotations

Branches:
Dungeon (1/15)

Altars:


Innate Abilities, Weirdness & Mutations

Your demonic aura sometimes causes spilled blood to erupt in flames.


Message History

A bat comes into view.
Found 9 gold pieces.
A bat is nearby!
A bat is nearby!
You grow a pair of large bovine horns.
Your feet morph into talons.
The helpless bat fails to defend itself.
You hit the bat but do no damage. Your headbutt misses the bat.
The bat barely misses you.
You barely miss the bat. You claw the bat.
You kill the bat!
Your transformation is almost over.
You now have 58 gold pieces (gained 9).
You open the door.
There is an open door here.
Your horns disappear.
Your talons disappear.
There is a faded altar of an unknown god here.
A hobgoblin comes into view.
A gnoll comes into view. It is wielding a +0 spear.
The gnoll shouts!
The hobgoblin shouts!
The gnoll hits you from afar with a +0 spear.
There are monsters nearby!
There are monsters nearby!
You miscast Beastly Appendage.
You are very lightly contaminated with residual magic.
Nothing appears to happen.
The hobgoblin hits you.
The gnoll hits you from afar with a +0 spear!
You hit the hobgoblin.
The hobgoblin is severely wounded.
The hobgoblin barely misses you.
The gnoll hits you from afar with a +0 spear.
* * * LOW HITPOINT WARNING * * *
You barely miss the hobgoblin.
The hobgoblin is severely wounded.
The hobgoblin barely misses you.
The gnoll hits you from afar with a +0 spear.
* * * LOW HITPOINT WARNING * * *
You hit the hobgoblin.
You kill the hobgoblin!
The gnoll hits you from afar with a +0 spear.
You die...

#.....#.....#..#
#8###.#.....#.##
#P..#.#.......#
##.#.#.#....>.##
##.P#.'.#.....##
#._P#########.#
+ #..## #.#
#g#.## #.# #.?@#
#.# ###8# #.#
..# ..# ##+# ###


You could see a gnoll.

Vanquished Creatures
  2 dart slugs (D:1)
  An endoplasm (D:1)
  3 goblins (D:1)
  2 hobgoblins (D:1)
  A quokka (D:1)
  7 bats (D:1)
  A frilled lizard (D:1)
  A kobold (D:1)
  2 rats (D:1)
20 creatures vanquished.

Notes
Turn   | Place    | Note
-------+----------+-------------------------------------------
     0 | D:1      | ytrimaz the Demonspawn Transmuter began the quest for the
                  | Orb.
     0 | D:1      | Reached XP level 1. HP: 15/15 MP: 3/3
    48 | D:1      | Reached skill level 3 in Unarmed Combat
   120 | D:1      | Gained mutation: Your demonic aura sometimes causes spilled
                  | blood to erupt in flames. [demonic ancestry]
   120 | D:1      | Reached XP level 2. HP: 21/21 MP: 3/5
   287 | D:1      | Learned a level 2 spell: Wereblood
   737 | D:1      | Found a faded altar of an unknown god.
   770 | D:1      | HP: 1/21 [gnoll/+0 spear (4)]
   771 | D:1      | Slain by a gnoll

Illustrated notes

Levels and vault maps discovered:
D:1:      evilmike_arrival_hilbert_curve, layout_basic,
          shapermc_ecumenical_altar_ellora, hangedman_decor_push

Skill      XL: |  1  2 |
---------------+-------+-----
Unarmed Combat | 3 |  3.5
Transmutations | 2 |  2.1
Fighting       | |  1.0
Dodging        | |  1.7
Spellcasting   | |  2.0

Action                   || total
-------------------------++-------
Melee: Unarmed           ||    48
       Kick              ||    11
       Headbutt          ||     9
       Punch             ||     1
 Cast: Beastly Appendage ||    15
  Use: Scroll            ||     1
 Stab: Sleeping          ||     1
Armor: Robe              ||    11
Dodge: Dodged            ||    56

Table legend: (Time is in decaauts)
 A = Elapsed time spent in this place.
 B = Non-inter-level travel time spent in this place.
 C = Inter-level travel time spent in this place.
 D = Time resting spent in this place.
 E = Time spent auto-exploring this place.
 F = Levels seen in this place.
 G = Mean time per level.
                   A        B        C        D        E       F      G
               +--------+--------+--------+--------+--------+-----+--------+
         Total |    768 |    765 |      3 |      2 |    577 |   1 |  768.0 |
       Dungeon |    768 |    765 |      3 |      2 |    577 |   1 |  768.0 |
               +--------+--------+--------+--------+--------+-----+--------+

Top non-repeatable levels by time:
     D:1: 768 daAuts
